 Dungeon Crawl Stone Soup version 0.30-a0-137-gd8773701ce (webtiles) character file.

Game seed: 13999442676054046658

9753 Casaw the Covert (level 11, -25/53 HPs)
             Began as a Spriggan Enchanter on Sept 22, 2022.
             Was a Priest of Dithmenos.
             Killed by an exploding centaur (30 damage)
             ... ignited by their inner flame
             ... on level 11 of the Dungeon.
             The game lasted 00:30:24 (12365 turns).

Casaw the Covert (Spriggan Enchanter)              Turns: 12365, Time: 00:30:24

Health: -25/53     AC:  8    Str:  8    XL:     11   Next: 27%
Magic:  27/27      EV: 21    Int: 20    God:    Dithmenos [***...]
Gold:   134        SH:  0    Dex: 15    Spells: 13/32 levels left

rFire   . . .      SeeInvis +    a - +1 dagger (venom)
rCold   + . .      Faith    .    (no shield)
rNeg    . . .      Spirit   .    u - +1 steam dragon scales
rPois   .          Reflect  .    (helmet restricted)
rElec   .          Harm     .    r - +1 cloak of Vanity {Int+2}
rCorr   +          Rampage  .    (gloves unavailable)
Will    +....                    (boots unavailable)
Stlth   +++++++++.               B - amulet of regeneration
HPRegen 0.97/turn                s - ring of resist corrosion
MPRegen 0.20/turn                y - ring of protection from cold

@: wreathed by umbra, invisible, very quick
A: very small, no large weapons, unfitting armour, see invisible, speed 3,
camouflage 1, MP-powered wands
a: Renounce Religion, Shadow Step


You were on level 11 of the Dungeon.
You worshipped Dithmenos.
Dithmenos was most pleased with you.
You visited 2 branches of the dungeon, and saw 12 of its levels.

You collected 696 gold pieces.
You spent 562 gold pieces at shops.

Inventory:

Hand Weapons
 a - a +1 dagger of venom (weapon)
Missiles
 w - a throwing net (quivered)
Armour
 r - the +1 cloak of Vanity (worn) {Int+2}
   (You bought it in a shop on level 4 of the Dungeon)

   Int:       It affects your intelligence (+2).
 u - +1 steam dragon scales (worn)
Jewellery
 s - a ring of resist corrosion (left hand)
 y - a ring of protection from cold (right hand)
 B - an amulet of regeneration (around neck)
Wands
 b - a wand of quicksilver (6)
 j - a wand of iceblast (13)
 l - a wand of flame (7)
Scrolls
 f - 3 scrolls of brand weapon
 h - 2 scrolls of identify
 m - 4 scrolls of teleportation
 t - 4 scrolls of magic mapping
 v - 2 scrolls of blinking
 x - a scroll of fear
 A - a scroll of butterflies
Potions
 c - 3 potions of invisibility
 d - 3 potions of mutation
 e - 6 potions of might
 g - a potion of haste
 i - 2 potions of flight
 k - 3 potions of cancellation
 n - 3 potions of curing
 o - a potion of magic
 p - 3 potions of brilliance
 q - a potion of ambrosia
 z - a potion of heal wounds


   Skills:
 + Level 4.3 Fighting
 + Level 6.1 Short Blades
 + Level 7.6 Dodging
 + Level 13.2 Stealth
 + Level 11.1 Spellcasting
 + Level 11.3 Hexes


You had 13 spell levels left.
You knew the following spells:

 Your Spells              Type           Power      Damage    Failure   Level
a - Ensorcelled Hibernat  Hex/Ice        66%        N/A       1%          2
b - Tukima's Dance        Hex            54%        N/A       1%          3
c - Dazzling Flash        Conj/Hex       66%        N/A       1%          3
d - Confusing Touch       Hex            54%        N/A       1%          3
e - Cigotuvi's Dreadful   Necr/Pois/Air  22%        N/A       10%         2
f - Blink                 Tloc           22%        N/A       10%         2
g - Cause Fear            Hex            27%        N/A       1%          4

Your spell library contained the following spells:

 Spells                   Type           Power      Damage    Failure   Level
 Portal Projectile        Hex/Tloc       66%        N/A       1%          3
 Anguish                  Hex/Necr       16%        N/A       6%          4
 Leda's Liquefaction      Hex/Erth       16%        N/A       6%          4
 Poisonous Vapours        Pois/Air       22%        N/A       10%         2
 Call Canine Familiar     Summ           11%        N/A       19%         3
 Spider Form              Tmut/Pois      11%        N/A       19%         3
 Manifold Assault         Tloc           11%        N/A       52%         4
 Dragon Form              Tmut           5%         N/A       100%        7
 Storm Form               Tmut/Air       5%         N/A       100%        7
 Dragon's Call            Summ           5%         N/A       100%        9


Dungeon Overview and Level Annotations

Branches:
Dungeon (11/15)            Temple (1/1) D:6            Lair (0/5) D:10
    Orc: D:9-12

Altars:
Ashenzari
Cheibriados
Dithmenos
Elyvilon
Fedhas
Gozag
Hepliaklqana
Kikubaaqudgha
Makhleb
Nemelex Xobeh
Okawaru
Qazlal
Ru
Sif Muna
Trog
Uskayaw
Vehumet
Wu Jian
Xom
Yredelemnul
Zin
The Shining One

Shops:
D:4 *   D:10 [((!


Innate Abilities, Weirdness & Mutations

You are very small and have problems with some larger weapons.
You are too small for most types of armour.
You have supernaturally acute eyesight. (SInv)
You cover ground extremely quickly. (Speed+++)
Your skin changes colour to match your surroundings (Stealth+).
You expend magic power (3 MP) to strengthen your wands.


Message History

The orc priest calls down the wrath of Beogh upon you.
Beogh smites you!
Unknown command.
You fade into invisibility!
The centaur wields a +0 shortbow.
The centaur shoots an arrow.
The arrow barely misses the orc.
The arrow closely misses you. The centaur completely misses you.
The centaur closely misses you.
A troll comes into view.
The orc hits you with a +0 club.
The centaur unwields a +0 shortbow.
The centaur hits you. The centaur closely misses you.
Unknown command.
Unknown command.
Really read the scroll of immolation?
As you read the scroll of immolation, it crumbles to dust.
The creatures around you are filled with an inner flame!
The centaur wields a +0 shortbow.
The centaur shoots an arrow.
The arrow hits the orc!
The orc explodes!
The fiery explosion engulfs the orc wizard!!
Dithmenos accepts your kill. The fiery explosion engulfs you!
The fiery explosion engulfs the centaur!!!
Dithmenos accepts your kill.
The fiery explosion engulfs the centaur!!
Dithmenos accepts your kill.
The fiery explosion engulfs the centaur!
Flame seeps out of the centaur.
The centaur is almost dead.
The fiery explosion engulfs the centaur!
Flame seeps out of the centaur.
The centaur is severely wounded.
The centaur explodes!
The fiery explosion engulfs the centaur!!
Dithmenos accepts your kill. The fiery explosion engulfs you!!
* * * LOW HITPOINT WARNING * * *
The centaur explodes!
The fiery explosion engulfs you!!
Ouch! That really hurt!
You die...

### ... ##.. ...# ...#
### ##.........
....###.# #...#.......
........###..##.......
..........#.○##...... ##
#...[.....#..##.##.####.
.....§§c..#.........##..
....o§§@§.#..†.......#..
T...o§§§§...............
....o§§§§........#......
#...#.........†.###.....
### #..........##.......
#.....####.....#....
#......# #....####.##
.......## ##..## #..#
.##..... #.##.. #...


You could see a troll (wandering, inner flame, unable to see you), a centaur
(inner flame, unable to see you), an orc priest (inner flame, unable to see
you), an orc wizard (inner flame, invisible, unable to see you) and an orc
(inner flame, unable to see you).

Vanquished Creatures
  A two-headed ogre (D:9)
  Sonja (D:11)
  A manticore (D:11)
  A kobold demonologist (D:10)
  2 trolls
  A hornet (D:9)
  Prince Ribbit (D:6)
  A centaur simulacrum (D:11)
  3 yaks (D:10)
  A wyvern (D:10)
  A basilisk (D:9)
  Menkaure (D:7)
  An acid dragon (D:8)
  5 water moccasins
  Duvessa (D:5)
  8 orc warriors
  2 sky beasts
  5 black bears
  3 ice beasts
  An ogre (D:5)
  5 centaurs
  A phantom (D:6)
  A kobold brigand (D:4)
  5 bullfrogs
  4 wights
  Dowan (D:5)
  15 killer bees
  4 howler monkeys
  A hound (D:4)
  3 jellies
  7 orc priests
  Ijyb (D:4)
  9 iguanas
  Natasha (thrice) (D:4)
  15 orc wizards
  3 gnolls (D:5)
  8 adders
  A shadow imp (D:6)
  An ufetubus (D:5)
  2 worms
  4 dart slugs
  28 orcs
  10 ball pythons
  12 endoplasms
  3 giant cockroaches
  3 goblins
  4 hobgoblins
  2 jackals (D:4)
  5 quokkas
  5 bats
  3 frilled lizards
  5 kobolds
  7 rats
222 creatures vanquished.

Vanquished Creatures (collateral kills)
  Maggie (D:7)
  Sigmund (D:5)
  Edmund (D:5)
  4 wights
  2 orc priests
  An orc wizard (D:9)
  2 orcs (D:9)
12 creatures vanquished.

Vanquished Creatures (others)
  4 dancing weapons
  An orc wizard (D:9)
  An orc (D:11)
  52 fungi (D:10)
  48 plants (D:10)
  5 toadstools (D:1)
111 creatures vanquished.

Grand Total: 345 creatures vanquished

Notes
Turn   | Place    | Note
-------+----------+-------------------------------------------
     0 | D:1      | Casaw the Spriggan Enchanter began the quest for the Orb.
     0 | D:1      | Reached XP level 1. HP: 9/9 MP: 5/5
    96 | D:1      | Found a faded altar of an unknown god.
   240 | D:1      | Reached XP level 2. HP: 4/13 MP: 7/7
   243 | D:1      | Learned a level 2 spell: Ensorcelled Hibernation
  1065 | D:1      | Reached XP level 3. HP: 11/16 MP: 9/9
  1073 | D:1      | Learned a level 3 spell: Tukima's Dance
  1077 | D:1      | Learned a level 3 spell: Confusing Touch
  1582 | D:2      | Reached XP level 4. HP: 16/21 MP: 11/11
  1859 | D:2      | Reached skill level 5 in Hexes
  2854 | D:3      | Reached XP level 5. HP: 24/24 MP: 5/13
  2864 | D:3      | Reached skill level 5 in Spellcasting
  3234 | D:3      | Found a glowing golden altar of the Shining One.
  3977 | D:4      | Reached skill level 5 in Stealth
  4074 | D:4      | Gained mutation: Your skin changes colour to match your
                  | surroundings (Stealth+). [potion of mutation]
  4074 | D:4      | Gained mutation: You expend magic power (3 MP) to
                  | strengthen your wands. [potion of mutation]
  4096 | D:4      | Reached XP level 6. HP: 20/28 MP: 15/15
  4250 | D:4      | Noticed Natasha
  4255 | D:4      | Killed Natasha
  4256 | D:4      | Noticed Ijyb
  4260 | D:4      | Found Bochefigg's Assorted Antiques.
  4266 | D:4      | Killed Ijyb
  4371 | D:4      | Bought 2 grey potions for 52 gold pieces
  4371 | D:4      | Bought a sedimented orange potion for 26 gold pieces
  4378 | D:4      | Reached skill level 6 in Stealth
  4399 | D:4      | Noticed Natasha
  4409 | D:4      | Killed Natasha
  4531 | D:4      | Noticed Natasha
  4541 | D:4      | Killed Natasha
  5000 | D:5      | Entered Level 5 of the Dungeon
  5038 | D:5      | Noticed an orc warrior
  5042 | D:5      | Reached XP level 7. HP: 15/32 MP: 14/17
  5046 | D:5      | Noticed Dowan
  5240 | D:5      | Learned a level 3 spell: Dazzling Flash
  5243 | D:5      | Learned a level 2 spell: Cigotuvi's Dreadful Rot
  5282 | D:5      | Noticed Edmund
  5302 | D:5      | Killed Edmund
  5303 | D:5      | Reached skill level 7 in Stealth
  5584 | D:5      | Reached skill level 8 in Stealth
  5699 | D:5      | Reached XP level 8. HP: 9/36 MP: 3/20
  5931 | D:5      | Found a stormy altar of Qazlal.
  5936 | D:5      | Found a glowing silver altar of Zin.
  5936 | D:5      | Found a sparkling altar of Nemelex Xobeh.
  5941 | D:5      | Noticed Sigmund
  5951 | D:5      | Noticed Duvessa
  6199 | D:5      | Killed Duvessa
  6203 | D:5      | Killed Dowan
  6247 | D:4      | Bought a dazzling cloak for 275 gold pieces
  6247 | D:4      | Identified the +1 cloak of Vanity {Int+2} (You bought it in
                  | a shop on level 4 of the Dungeon)
  6426 | D:5      | Killed Sigmund
  6427 | D:5      | Reached skill level 9 in Stealth
  6567 | D:6      | Found a staircase to the Ecumenical Temple.
  6567 | D:6      | Noticed Prince Ribbit
  6570 | D:6      | Killed Prince Ribbit
  6646 | Temple   | Entered the Ecumenical Temple
  6654 | Temple   | Became a worshipper of Dithmenos the Shadowed
  6734 | D:6      | Reached skill level 10 in Stealth
  7223 | D:6      | Reached XP level 9. HP: 39/39 MP: 19/23
  7837 | D:7      | HP: 2/40 [killer bee (7)]
  7846 | D:7      | Reached skill level 1 in Fighting
  8096 | D:7      | Reached skill level 11 in Stealth
  8099 | D:7      | Reached * piety under Dithmenos
  8207 | D:7      | Noticed Menkaure
  8217 | D:7      | Killed Menkaure
  8381 | D:7      | Noticed Maggie
  8394 | D:7      | Killed Maggie
  8395 | D:7      | Reached skill level 10 in Hexes
  8599 | D:8      | Reached skill level 5 in Dodging
  8965 | D:8      | Reached XP level 10. HP: 47/47 MP: 24/24
  9151 | D:8      | Learned a level 2 spell: Blink
  9156 | D:8      | Learned a level 4 spell: Cause Fear
  9249 | D:8      | Reached skill level 10 in Spellcasting
  9757 | D:9      | Noticed a two-headed ogre
  9762 | D:9      | Killed a two-headed ogre
  9763 | D:9      | Reached skill level 12 in Stealth
  9898 | D:9      | Reached ** piety under Dithmenos
  9920 | D:9      | Paralysed by a hornet for 2 turns
 10638 | D:10     | Entered Level 10 of the Dungeon
 10706 | D:10     | Found Paepp's Weapon Shoppe.
 10712 | D:10     | Found Ismej's Antique Weapon Boutique.
 11021 | D:10     | Reached skill level 5 in Short Blades
 11335 | D:10     | Found Eghova's Armour Boutique.
 11458 | D:10     | Found Maol Gaw's Distillery.
 11461 | D:10     | Bought a potion of curing for 33 gold pieces
 11570 | D:10     | Bought 2 potions of invisibility for 176 gold pieces
 11787 | D:10     | Found a staircase to the Lair.
 11851 | D:10     | Reached *** piety under Dithmenos
 11852 | D:10     | Reached XP level 11. HP: 53/53 MP: 23/26
 11901 | D:10     | Reached skill level 13 in Stealth
 12119 | D:10     | Found a radiant altar of Vehumet.
 12309 | D:11     | Noticed Sonja
 12314 | D:11     | Killed Sonja
 12365 | D:11     | Killed by an exploding centaur... ignited by their inner
                  | flame

Illustrated notes

Levels and vault maps discovered:
D:1:      roderic_octagonal_star, layout_basic, ebering_ecumenical_altar_rust,
          minmay_gold_behind_fungi, kennysheep_crisscross
D:2:      layout_loops_ring, nrook_loot_triangle, hangedman_decor_opposing
D:3:      layout_loops_cross, mainiacjoe_overflow_six_doors_small, minivault_14
D:4:      layout_gridville, serial_shops, nicolae_shop_trees, uniq_ijyb,
          uniq_natasha
D:5:      layout_rooms, grunt_temple_overflow_open, uniq_duvessa, uniq_edmund,
          uniq_sigmund
D:6:      layout_loops_corners, minmay_temple_entry_gardened_gates,
          kennysheep_generic_room_9, uniq_prince_ribbit1
D:7:      layout_rooms, uniq_maggie, uniq_menkaure
D:8:      layout_loops_cross
D:9:      layout_roguey
D:10:     layout_loops_corners, amcnicky_altar_gilded,
          due_lair_maze_entry_diamond, serial_shops, kennysheep_mini, shop,
          nicolae_shop_advertising_works [nicolae_subvault_shop_adworks], shop,
          kennysheep_generic_room_4
D:11:     layout_cave_pools, uniq_sonja
Temple:   sentei_temple_godly_chess

Skill      XL: |  1  2  3  4  5  6  7  8  9 10 11 |
---------------+----------------------------------+-----
Spellcasting   | 3 4 5 6 7 9 10 11 | 11.1
Hexes          | 4 5 6 7 9 10 11 | 11.3
Stealth        | 5 6 8 10 11 12 13 | 13.2
Dodging        | 5 7 |  7.6
Short Blades   | 3 5 6 |  6.1
Fighting       | 2 3 4 |  4.3

Action                   |  1- 3 |  4- 6 |  7- 9 | 10-12 || total
-------------------------+-------+-------+-------+-------++-------
Melee: Dagger            |    82 |   149 |   205 |   208 ||   644
       Punch             |     1 |       |     2 |     5 ||     8
 Cast: Ensorcelled Hiber |       |    24 |    35 |    58 ||   117
       Tukima's Dance    |       |       |    17 |    24 ||    41
       Confusing Touch   |       |       |     9 |     1 ||    10
Evoke: Wand              |       |       |     3 |       ||     3
  Use: Scroll            |     3 |     9 |    11 |     2 ||    25
       Potion            |       |     1 |     5 |     1 ||     7
 Stab: Sleeping          |    13 |    26 |    37 |    43 ||   119
       Distracted        |       |     1 |     1 |     1 ||     3
       Confused          |       |       |     8 |     1 ||     9
       Invisible         |       |       |     1 |       ||     1
Armor: Robe              |     3 |     8 |    23 |       ||    34
       Steam dragon scal |       |       |     8 |    32 ||    40
Dodge: Dodged            |    47 |   106 |   194 |   181 ||   528

Table legend: (Time is in decaauts)
 A = Elapsed time spent in this place.
 B = Non-inter-level travel time spent in this place.
 C = Inter-level travel time spent in this place.
 D = Time resting spent in this place.
 E = Time spent auto-exploring this place.
 F = Levels seen in this place.
 G = Mean time per level.
                   A        B        C        D        E       F      G
               +--------+--------+--------+--------+--------+-----+--------+
         Total |   9728 |   9479 |    249 |    511 |   7410 |  12 |  810.7 |
       Dungeon |   9718 |   9473 |    245 |    511 |   7410 |  11 |  883.5 |
        Temple |      9 |      5 |      4 |      0 |      0 |   1 |    9.0 |
               +--------+--------+--------+--------+--------+-----+--------+

Top non-repeatable levels by time:
     D:4: 1691 daAuts
    D:10: 1271 daAuts
     D:1: 1066 daAuts
     D:9: 1063 daAuts
     D:2: 1017 daAuts
     D:6: 931 daAuts
     D:5: 768 daAuts
     D:3: 717 daAuts
     D:7: 581 daAuts
     D:8: 576 daAuts
    D:11: 35 daAuts
  Temple: 9 daAuts
